 Dungeon Crawl Stone Soup version 0.31-a0-426-g3a05650e59 (webtiles) character file.

Game seed: 11190433502578817778

70 Ofeo the Changeling (level 4, -3/33 HPs)
             Began as a Demonspawn Shapeshifter on July 30, 2023.
             Slain by a gnoll
             ... wielding a +0 flail
             ... led by a gnoll bouda
              (5 damage)
             ... on level 2 of the Dungeon.
             The game lasted 00:02:45 (2181 turns).

Ofeo the Changeling (Demonspawn Shapeshifter)       Turns: 2181, Time: 00:02:45

Health: -3/33      AC:  5    Str: 15    XL:     4   Next: 3%
Magic:  4/4        EV: 11    Int: 10    God:
Gold:   82         SH:  0    Dex: 15    Spells: 3/3 levels left

rFire   . . .        o - +1 quarterstaff
rCold   . . .        (shield currently unavailable)
rNeg    . . .        h - +0 ring mail
rPois   .            (helmet currently unavailable)
rElec   .            (cloak currently unavailable)
rCorr   .            (gloves currently unavailable)
SInv    .            (boots currently unavailable)
Will    +....        (no amulet)
Stlth   +            (no ring)
HPRegen 0.25/turn    (no ring)
MPRegen 0.09/turn

%: no passive effects
@: beast-form, enlightened, flying
A: beast (slay +2), powered by death 1, weakness stinger 2
a: Begin Untransformation


You were on level 2 of the Dungeon.
You were a hulking beast.
You visited 1 branch of the dungeon, and saw 3 of its levels.

You collected 82 gold pieces.

Inventory:

Hand Weapons
 o - a +1 quarterstaff (weapon)
Armour
 a - a +0 animal skin
 d - a +0 helmet
 h - a +0 ring mail (worn)
Talismans
 c - a beast talisman (active)
Wands
 n - a wand of paralysis (5)
Scrolls
 i - 2 scrolls of identify {@r1}
 l - a scroll of revelation
Potions
 b - a potion of lignification
 e - a potion of might {@q4}
 f - a potion of enlightenment
 j - a potion of attraction {unknown}


   Skills:
 + Level 2.2 Fighting
 + Level 2.5 Dodging
 - Level 2.9 Unarmed Combat
 + Level 3.1 Shapeshifting


You had 3 spell levels left.
You didn't know any spells.
Your spell library contained the following spells:

 Spells                   Type           Power      Damage    Failure   Level
 Apportation              Tloc           0%         N/A       58%         1
 Necrotise                Necr           0%         1d4       58%         1
 Summon Small Mammal      Summ           0%         N/A       58%         1


Dungeon Overview and Level Annotations

Branches:
Dungeon (3/15)

Altars:


Innate Abilities, Weirdness & Mutations

You are a hulking beast.
Your limbs bulge with bestial killing power. (Slay +2)
You regenerate a little health from kills.
You have a tail ending in a sharp stinger.


Message History

Done exploring.
No target in view!
Done exploring.
Done exploring.
Search for what [Enter for "."]? .
(D) Dungeon
Where to? (Enter - D:2, ? - help)
There is a stone staircase leading down here.
You climb downwards.
Found a scroll labelled JUPLE MUOM.
There is a stone staircase leading up here.
A gnoll is nearby!
A gnoll is nearby!
A gnoll is nearby! 2 gnolls come into view.
The gnoll shouts! x2; You hear a shout! x3
The gnoll hits you with a +0 flail.
The gnoll moves out of view.
A gnoll bouda comes into view. It is wielding a +0 whip.
You take 1 damage, and have 32/33 hp.
You hit the gnoll but do no damage. The gnoll hits you with a +0 flail!
You take 12 damage, and have 20/33 hp.
MASSIVE DAMAGE!!
There is a stone staircase leading up here.
The gnoll closely misses you.
You climb upwards.
There is a stone staircase leading down here.
You closely miss the gnoll. The gnoll hits you with a +0 flail.
You take 3 damage, and have 18/33 hp.
You closely miss the gnoll.
Your tail-slap misses the gnoll.
The gnoll hits you with a +0 flail.
You take 6 damage, and have 12/33 hp.
You closely miss the gnoll. The gnoll hits you with a +0 flail!
* * * LOW HITPOINT WARNING * * *
The gnoll hits you but does no damage.
You take 10 damage, and have 2/33 hp.
MASSIVE DAMAGE!!
You closely miss the gnoll.
Your tail-slap misses the gnoll.
The gnoll closely misses you.
It was a potion of enlightenment.
You feel very buoyant.
You fly up into the air.
The gnoll hits you with a +0 flail.
You die...

...# ##..########## #.# #.# #
...# #...........# ##.# #.# #
...# #..########.# #..###+######
...#####.##### #.###.###........
...'.........####.#.....+........
...########.....#.#.#.###........
...####...#.###...#.#............
......#.#.#.#####.#...##.........
......#†#.......hg..............#
......#.###.#####.#.#.##.######.#
......#...#.# #.#.#.##.#....#.#
......###.#.# ###.#.##.#.##.#.#
..........#.# #.#.##.#.##.#.#
...)...#..#.# #.#.##.#<##.#.#
.......####.# #.#.##.####.#.#
............# #.#.#.....#.#.#
####'######## #.#.#..##.#.#.#


You could see a gnoll.

Vanquished Creatures
  Robin (D:2)
  An adder (D:2)
  6 bats
  5 endoplasms
  A giant cockroach (D:1)
  10 goblins
  6 hobgoblins
  3 quokkas (D:1)
  6 ball pythons
  2 frilled lizards
  2 kobolds
  A rat (D:1)
44 creatures vanquished.

Notes
Turn   | Place    | Note
-------+----------+-------------------------------------------
     0 | D:1      | Ofeo the Demonspawn Shapeshifter began the quest for the
                  | Orb.
     0 | D:1      | Reached XP level 1. HP: 15/15 MP: 1/1
   333 | D:1      | Gained mutation: You have a small tail. [demonic ancestry]
   333 | D:1      | Reached XP level 2. HP: 15/21 MP: 2/2
   980 | D:2      | Noticed Robin
  1020 | D:2      | Gained mutation: You have a tail ending in a sharp stinger.
                  | [demonic ancestry]
  1020 | D:2      | Reached XP level 3. HP: 27/27 MP: 3/3
  1063 | D:2      | Reached skill level 3 in Shapeshifting
  1066 | D:2      | Killed Robin
  1875 | D:2      | Gained mutation: You regenerate a little health from kills.
                  | [demonic ancestry]
  1875 | D:2      | Reached XP level 4. HP: 33/33 MP: 4/4
  2181 | D:2      | Slain by a gnoll

Illustrated notes

Levels and vault maps discovered:
D:1:      mushboom_english_gardens, layout_loops_ring
D:2:      layout_basic, uniq_robin
D:3:      layout_loops_ring, nicolae_overflow_crystal_walls, chequers_garden

Skill      XL: |  1  2  3 |
---------------+----------+-----
Dodging        | 2 |  2.5
Shapeshifting  | 3 |  3.1
Fighting       | 2 |  2.2
Unarmed Combat | |  2.9

Action                     |  1- 3 |  4- 6 || total
---------------------------+-------+-------++-------
  Melee: Unarmed           |    61 |       ||    61
         Punch             |     2 |       ||     2
         Tailslap          |     9 |       ||     9
         Mace              |    33 |       ||    33
         Quarterstaff      |     6 |     7 ||    13
         Rapier            |     1 |       ||     1
    Use: Scroll            |     4 |       ||     4
         Potion            |     2 |     1 ||     3
   Stab: Sleeping          |     2 |       ||     2
 Armour: Animal skin       |    16 |       ||    16
         Ring mail         |    29 |     1 ||    30
  Dodge: Dodged            |    89 |     2 ||    91

Table legend: (Time is in decaauts)
 A = Elapsed time spent in this place.
 B = Non-inter-level travel time spent in this place.
 C = Inter-level travel time spent in this place.
 D = Time resting spent in this place.
 E = Time spent auto-exploring this place.
 F = Levels seen in this place.
 G = Mean time per level.
                   A        B        C        D        E       F      G
               +--------+--------+--------+--------+--------+-----+--------+
         Total |   2193 |   2111 |     82 |    209 |   1524 |   3 |  731.0 |
       Dungeon |   2193 |   2111 |     82 |    209 |   1524 |   3 |  731.0 |
               +--------+--------+--------+--------+--------+-----+--------+

Top non-repeatable levels by time:
     D:2: 1307 daAuts
     D:1: 881 daAuts
     D:3: 5 daAuts
